[Event "*** Titled Tuesday Blitz"]
[Site "Chess.com"]
[Date "2018.07.03"]
[Round "3"]
[White "ChrisTool2"]
[Black "Aklanion"]
[Result "1-0"]
[WhiteElo "2261"]
[BlackElo "2067"]
[TimeControl "180+2"]
[EndTime "13:38:08 PDT"]
[Termination "ChrisTool2 won by resignation"]

1. Nf3 Nf6 2. c4 g6 3. g3 Bg7 4. Bg2 O-O 5. O-O d6 6. d3 Nc6 7. Nc3 a5 8. a3 Bd7 9. Rb1 Qc8 10. b4 axb4 11. axb4 Bh3 12. b5 Bxg2 13. Kxg2 Ne5 14. Nxe5 dxe5 15. Bg5 e6 16. Qc1 Re8 17. h3 Qd7 18. Qe3 Nh5 19. Bh6 Bh8 20. Ne4 b6 21. g4 Nf6 22. Ra1 Nxe4 23. Qxe4 Rad8 24. Ra7 f5 25. Qb7 Rc8 26. Qxb6 fxg4 27. hxg4 e4 28. Qc6 Qxc6 29. bxc6 exd3 30. exd3 Bd4 31. Rb7 e5 32.
Kf3 Re6 33. Ke4 Rxc6 34. f4 Rf6 35. fxe5 Rxf1 36. Kxd4 Kf7 37. Bg5 Rg1 38. Kd5 Rxg4 39. e6+ Ke8 40. Bf6 h5 41. d4 h4 42. Kc6 Rf4 43.
Be5 Rf5 44. c5 Rxe5 45. dxe5 h3 46. Rb3 Ke7 47. Rxh3 Kxe6 48. Rg3 Kxe5 49. Rxg6 Kd4 50. Kb7 Rf8 51. c6 Rf7 52. Rg8 Kc5 53. Rc8 Kd6 54. Rd8+ Kc5 55. Rd7 Rf1 56. Kxc7 Rc1 57. Rh7 Kd5 58.
Rh6 Rc2 59. Kd7 Ke5 60. c7 Rd2+ 61. Ke8 Rc2 62. Kd8 Rd2+ 63. Kc8 Rc2 64. Kb7 Rb2+ 65.
Rb6 Rc2 66. c8=Q Rxc8 67. Kxc8 1-0

[Event "*** Titled Tuesday Blitz"]
[Site "Chess.com"]
[Date "2018.07.03"]
[Round "3"]
[White "mukhin1"]
[Black "gmcorrales"]
[Result "1-0"]
[WhiteElo "2925"]
[BlackElo "2649"]
[TimeControl "180+2"]
[EndTime "13:38:13 PDT"]
[Termination "mukhin1 won by checkmate"]

1. Nf3 d5 2. c4 c6 3. d4 Nf6 4.
Nc3 e6 5. Bg5 h6 6. Bxf6 Qxf6 7.
Qb3 Nd7 8. e4 dxc4 9. Bxc4 Qd8 10.
O-O Be7 11. d5 exd5 12. exd5 O-O 13. Rad1 Qb6 14. Qc2 Bf6 15. Rfe1 Nc5 16. Ne5 Bxe5 17. Rxe5 Bg4 18. Rde1 Nd7 19. Re7 Nf6 20. dxc6 Qxc6 21.
Bb3 Bh5 22. Qf5 Rae8 23. h3 Rxe7 24. Rxe7 Kh8 25. Qe5 Bg6 26. Rc7 Qb6 27. Na4 Qb4 28.
Qe7 Qxe7 29. Rxe7 b5 30. Nc3 b4 31. Nb5 Rd8 32. Nxa7 Rd2 33. Nc6 Rxb2 34. Nxb4 Ne4 35.
Nd3 Rb1+ 36. Kh2 Nd2 37. Ne1 Nxb3 38. axb3 Rxb3 39. Nf3 Rb5 40. Ne5 Kg8 41. Re8+ Kh7 42. Nd7 h5 43. Ne5 f6 44. Nxg6 Kxg6 45. Kg3 Rb4 46.
Kf3 h4 47. Re4 Rb3+ 48. Ke2 Kh5 49. Rd4 g5 50. Rd6 Kg6 51. Rd5 f5 52. Rd6+ Kh5 53.
Rf6 f4 54. Ra6 Rb2+ 55. Kf3 Rb3+ 56. Ke4 Rb4+ 57. Ke5 f3 58. gxf3 Rb2 59. Kf6 Rb3 60. Kg7 Rb7+ 61. Kf6 Rb3 62. f4 Rf3 63. Ra8 Rxf4+ 64.
Kg7 g4 65. Ra5+ Rf5 66. Rxf5# 1-0

[Event "*** Titled Tuesday Blitz"]
[Site "Chess.com"]
[Date "2018.07.03"]
[Round "3"]
[White "Irochka83"]
[Black "Passacaglia23"]
[Result "1-0"]
[WhiteElo "2238"]
[BlackElo "2299"]
[TimeControl "180+2"]
[EndTime "13:38:15 PDT"]
[Termination "Irochka83 won by resignation"]

1. d4 d5 2. c4 c6 3. cxd5 cxd5 4. Bf4 Nc6 5. e3 Nf6 6. Nc3 a6 7. Bd3 e6 8. Rc1 Bd6 9. Bxd6 Qxd6 10. f4 b5 11. Nf3 O-O 12. Ne5 Na5 13. O-O Bb7 14.
Qf3 Rac8 15. g4 g6 16. g5 Ne8 17. Nb1 Nc4 18. b3 Nxe5 19. fxe5 Qe7 20. h4 Ng7 21. Nd2 Qb4 22. Rxc8 Bxc8 23. Rf2 Nf5 24. h5 Qe7 25.
Qf4 Bb7 26. Nf1 Rc8 27. Nh2 Rc3 28. Rd2 Qc7 29. Ng4 Rc1+ 30. Kh2 Qc3 31. Qf2 Qa1 32. Nf6+ Kf8 33. Bxf5 exf5 34. Rc2 Ke7 35. Kg2 Qb1 36.
Rxc1 Qxc1 37. Nxh7 gxh5 38. Nf6 h4 39. Nh5 h3+ 40. Kh2 Qc8 41. Ng3 Ke8 42. Nxf5 Kf8 43. Nd6 Qd7 44. Kg3 Bc6 45. Qf5 Qxf5 46. Nxf5 Bd7 47.
Nh4 Kg7 48. Nf3 Kg6 49. Ng1 Kxg5 50. Nxh3+ Bxh3 51. Kxh3 Kf5 52. Kg3 Ke4 53. Kf2 Kd3 54.
Kf3 b4 55. Kf4 a5 56. Kf3 Kc3 57. Kf4 Kb2 58. e4 Kxa2 59. exd5 Kxb3 60. d6 Ka2 61. d7 b3 62. d8=Q b2 63. Qxa5+ Kb3 64. Qb5+ 1-0

[Event "*** Titled Tuesday Blitz"]
[Site "Chess.com"]
[Date "2018.07.03"]
[Round "3"]
[White "andrzej"]
[Black "CarlssonLudvig"]
[Result "1-0"]
[WhiteElo "2211"]
[BlackElo "2134"]
[TimeControl "180+2"]
[EndTime "13:38:18 PDT"]
[Termination "andrzej won by resignation"]

1. e4 e5 2. Nf3 Nc6 3. d4 exd4 4.
Nxd4 Bc5 5. Nxc6 Qf6 6. Qf3 dxc6 7. Nc3 Be6 8. Be3 Bb4 9. Bd2 O-O-O 10. O-O-O Qxf3 11. gxf3 Ne7 12. a3 Ba5 13. Bd3 f6 14. Rhg1 Rhg8 15.
Na4 Bxd2+ 16. Rxd2 b6 17. Rxg7 Rxg7 18. Ba6+ Kb8 19.
Rxd8+ Bc8 20. Re8 c5 21. Nc3 c6 22. Kd2 Kc7 23. Bxc8 Nxc8 24. Rf8 Rg2 25. Ke2 Rxh2 26. Rxf6 Nd6 27. e5 Nc4 28. Rf7+ Kd8 29. e6 Nxb2 30. Ne4 Nc4 31. Rd7+ Kc8 32. Rxa7 Rh6 33. e7 Re6 34. Kd3 Ne5+ 35. Ke3 Nc4+ 36. Kf4 Kb8 37.
Rd7 Ne5 38. Rd8+ Kc7 39. e8=Q Ng6+ 40. Ke3 Rxe8 41. Rxe8 h5 42. Re6 Nf8 43. Rh6 h4 44.
Rxh4 Ng6 45. Rh6 Ne5 46. Rh7+ Kb8 47. f4 Nc4+ 48. Kd3 Nxa3 49. f5 c4+ 50. Kc3 Kc8 51.
f6 Kd8 52. Nd6 b5 53. Rh8+ Kd7 54. f7 b4+ 55. Kxb4 Nxc2+ 56. Kc3 Na3 57. f8=Q c5 58. Rh7+ Kc6 59. Qc8+ Kxd6 60. Rd7+ Ke6 61. Qe8+ Kf5 62. Rf7+ Kg4 63. Qg8+ 1-0

[Event "*** Titled Tuesday Blitz"]
[Site "Chess.com"]
[Date "2018.07.03"]
[Round "3"]
[White "abhijeetgupta1016"]
[Black "murmah2003"]
[Result "1-0"]
[WhiteElo "2816"]
[BlackElo "2623"]
[TimeControl "180+2"]
[EndTime "13:38:23 PDT"]
[Termination "abhijeetgupta1016 won by resignation"]

1. d4 d5 2. Bf4 Nf6 3. e3 g6 4.
Nf3 Bg7 5. h3 O-O 6. Be2 c5 7. c3 b6 8. O-O Bb7 9. a4 Nc6 10. Nbd2 Re8 11. Ne5 Nxe5 12. Bxe5 Nd7 13. Bxg7 Kxg7 14. a5 e5 15. Bb5 a6 16. Bxd7 Qxd7 17.
axb6 cxd4 18. exd4 exd4 19. Nb3 dxc3 20. Qd4+ Kg8 21.
bxc3 Re4 22. Nc5 Rxd4 23. Nxd7 Rc4 24. Rfe1 Rxc3 25. Re7 d4 26. Ne5 Bd5 27. b7 Rb8 28.
Nd7 Rxb7 29. Nf6+ Kg7 30. Nxd5 Rxe7 31. Nxe7 d3 32. Nd5 Rc5 33. Ne3 a5 34. Kf1 Rb5 35.
Rd1 Rb3 36. Ke1 a4 37. Ra1 a3 38. Nc4 a2 39. Rxa2 Rb1+ 40. Kd2 Rg1 41. g3 g5 42.
Ne3 Rh1 43. Ra6 f6 44. Kxd3 Rxh3 45. Ke4 Rh2 46. Nf5+ Kg6 47. f4 Re2+ 48. Kf3 Rb2 49. Ne3 gxf4 50. gxf4 h5 51. Nd5 Rb3+ 52. Ke4 h4 53.
Rxf6+ Kg7 54. Rf5 Kg6 55. Rg5+ Kh6 56. Ne3 h3 57. Ng4+ Kh7 58. Rh5+ Kg6 59. Rh6+ Kg7 60. Rh4 Rg3 61. Kf5 Kf7 62. Nf2 1-0

[Event "*** Titled Tuesday Blitz"]
[Site "Chess.com"]
[Date "2018.07.03"]
[Round "3"]
[White "Artur0208"]
[Black "GMKrikor"]
[Result "1-0"]
[WhiteElo "2441"]
[BlackElo "2606"]
[TimeControl "180+2"]
[EndTime "13:38:26 PDT"]
[Termination "Artur0208 won by resignation"]

1. d4 Nf6 2. Nf3 d5 3. g3 b5 4.
a4 b4 5. Bg2 Bb7 6. c3 e6 7.
O-O a5 8. Ne5 Nbd7 9. cxb4 Bxb4 10. Nd3 Bd6 11. Nc3 O-O 12. Nb5 Ba6 13. Bd2 Qb8 14.
Nxd6 cxd6 15. Ra3 Ne4 16. Rb3 Qa7 17. Be3 Bc4 18. Ra3 Rfb8 19. b3 Ba6 20. Qc2 Qb6 21. Rc1 Rc8 22. Qb2 Rxc1+ 23. Qxc1 Rc8 24. Qb2 Nc3 25.
Ra1 Ne4 26. f3 Nef6 27. Rc1 Rxc1+ 28. Bxc1 Bxd3 29. exd3 Nb8 30. Be3 Nc6 31. Kf1 Nd7 32.
Kf2 Ndb8 33. Qc3 Na6 34. Ke2 Nab4 35. Kd2 Na2 36. Qb2 Nab4 37. Qc3 Kf8 38. Bf1 Ke7 39. Be2 h6 40. Bd1 Na6 41. f4 Qb4 42. h4 Nc7 43. h5 Ne8 44. Qxb4 Nxb4 45. Ke2 f5 46. Bd2 Nc6 47.
Ke3 Nf6 48. Be2 Kd7 49. Bd1 Kc7 50. Bc3 Kb6 51. Be2 Ng4+ 52. Bxg4 fxg4 53. f5 exf5 54. Kf4 Ne7 55. b4 axb4 56. Bxb4 Kc6 57. a5 Kd7 58. a6 Nc6 59. Ba5 Ke6 60. Bb6 Kf6 61. a7 Nxa7 62. Bxa7 g6 63. hxg6 Kxg6 64. Bb8 h5 65. Bxd6 Kf6 66. Be5+ Kg6 67. Bc7 Kf6 68. Bd6 1-0

[Event "*** Titled Tuesday Blitz"]
[Site "Chess.com"]
[Date "2018.07.03"]
[Round "3"]
[White "Genghis_K"]
[Black "Kaphrep"]
[Result "1/2-1/2"]
[WhiteElo "2705"]
[BlackElo "2671"]
[TimeControl "180+2"]
[EndTime "13:38:29 PDT"]
[Termination "Game drawn by agreement"]

1. e4 g6 2. d4 Bg7 3. Nf3 c6 4. Nc3 d5 5. h3 dxe4 6. Nxe4 Nf6 7. Nxf6+ exf6 8. Bc4 O-O 9. O-O a5 10. a4 Na6 11. Re1 Nc7 12. Bf4 Nd5 13. Bg3 Be6 14.
Bb3 Re8 15. c3 Bh6 16. Nd2 f5 17. Be5 f6 18. Bh2 Bf7 19. Rxe8+ Qxe8 20. Nc4 Bf8 21. Nd6 Bxd6 22. Bxd6 Nb6 23. Bc7 Nc4 24. Bxc4 Bxc4 25.
b3 Bf7 26. c4 Qe7 27. Bb6 f4 28. Qd2 f3 29. gxf3 Qe6 30. Re1 Qxh3 31. Qf4 Kg7 32. Re7 Re8 33. Rxe8 Bxe8 34. Bxa5 Qe6 35. Bc3 g5 36. d5 gxf4 37. dxe6 Bg6 38. a5 Bc2 39. b4 Bb3 40. b5 cxb5 41. cxb5 Bxe6 42. a6 bxa6 43.
bxa6 Bd5 44. Kg2 Kg6 45. Bd4 Kf5 46. a7 Ba8 47. Bc3 h5 48. Bb2 h4 49. Bc3 h3+ 50. Kxh3 Bxf3 51. Kh4 Ba8 52. Kh5 Bb7 53. Kh6 Ba8 54.
Kg7 Kg4 55. Kxf6 Kf3 56. Bd4 Ke4 57. Bb6 Kd5 58. Bc7 f3 59. Ke7 Kc6 60. Kd8 Kb7 61. Bb8 Ka6 62. Kc7 Be4 63. Kd6 Kb7 64. Ke5 Bd3 65. Kf4 Be2 66. Ke3 Ka8 67. Kf4 Bd1 68.
Ke3 Be2 69. Kf4 1/2-1/2

[Event "*** Titled Tuesday Blitz"]
[Site "Chess.com"]
[Date "2018.07.03"]
[Round "3"]
[White "Blitzstream"]
[Black "Gr3egor"]
[Result "0-1"]
[WhiteElo "2462"]
[BlackElo "2368"]
[TimeControl "180+2"]
[EndTime "13:38:30 PDT"]
[Termination "Gr3egor won by resignation"]

1. d4 Nf6 2. Bg5 d5 3. Bxf6 exf6 4. e3 c6 5. c4 Bf5 6. Nc3 Bb4 7. Qb3 Qa5 8. cxd5 cxd5 9. Ne2 Nc6 10. a3 Be6 11. Rc1 Bxc3+ 12. Nxc3 Rb8 13. Be2 O-O 14. O-O Rfd8 15.
Bf3 Ne7 16. Na4 Bd7 17. Nc5 Bb5 18. Rfd1 b6 19. Nd3 Ba4 20. Qb4 Qxb4 21. axb4 Bxd1 22. Rxd1 Rbc8 23. Ra1 Rd7 24. Kf1 Rdc7 25. Ke1 g5 26. h4 Kg7 27. Kd1 h6 28. b5 f5 29. Nb4 Rd7 30. hxg5 hxg5 31. g3 Rc4 32. Nd3 f6 33. Be2 Nc8 34. Bf3 Kf7 35. g4 f4 36. b3 Rc3 37. Kd2 Rxb3 38. exf4 gxf4 39. Nxf4 Rxb5 40. Rh1 Kg8 41. Rh5 Ne7 42. g5 Kg7 43. Bg4 f5 44. Bf3 Rd6 45. Rh1 Rb2+ 46. Ke3 Ng6 47. Nh5+ Kf7 48.
Nf6 Re6+ 49. Kd3 Rb3+ 50. Kc2 Rxf3 51. Rh7+ Kf8 52. Rxa7 Re2+ 53. Kd1 Rfxf2 54. Ra8+ Kf7 55.
Ra7+ Ne7 56. Nxd5 Rd2+ 57. Kc1 Rde2 58. g6+ Kxg6 59. Nxe7+ Kg5 60. Kd1 Rb2 61. Kc1 Ra2 62. Rxa2 Rxa2 63. Nd5 Ra4 64. Nxb6 Rxd4 65. Kc2 f4 66.
Kc3 Rd8 67. Nc4 f3 68. Ne3 Kf4 69. Nf1 f2 70. Kc2 Kf3 71. Kc1 Kg2 72. Ne3+ Kg1 0-1

[Event "*** Titled Tuesday Blitz"]
[Site "Chess.com"]
[Date "2018.07.03"]
[Round "3"]
[White "Mimsychess"]
[Black "Keures"]
[Result "1/2-1/2"]
[WhiteElo "2290"]
[BlackElo "2139"]
[TimeControl "180+2"]
[EndTime "13:38:30 PDT"]
[Termination "Game drawn by repetition"]

1. e4 e6 2. d4 d5 3. Nd2 Nf6 4. e5 Ne4 5. Bd3 Nxd2 6. Bxd2 c5 7. c3 Qb6 8. Nf3 h6 9. O-O cxd4 10. cxd4 Bd7 11. a3 Bb5 12. Qe2 Bxd3 13. Qxd3 Qa6 14. Qxa6 Nxa6 15. Rac1 Kd7 16. b4 Be7 17. b5 Nc7 18. a4 Rac8 19. Rc2 Na8 20. Rxc8 Rxc8 21. a5 Rc2 22. Rb1 Nc7 23. Kf1 b6 24. axb6 axb6 25. Ke2 Ra2 26. Rb3 Ra3 27. Rb2 Ra4 28.
Kd3 f6 29. exf6 Bxf6 30. Bf4 Ra5 31. Ne5+ Kc8 32. Rc2 Kb7 33. Nc6 Ra3+ 34. Ke2 Nxb5 35. Be3 Rc3 36. Rxc3 Nxc3+ 37. Kd3 Kxc6 38. Kxc3 Kb5 39.
Kb3 Ka5 40. f4 b5 41. g4 b4 42. g5 hxg5 43. fxg5 Be7 44. h4 g6 45. Bf4 Kb5 46. Be5 Kc6 47. h5 gxh5 48. g6 Bf8 49. g7 Bxg7 50. Bxg7 Kb5 51. Bf8 h4 52. Bxb4 Kc6 53. Be1 h3 54. Bg3 Kd7 55. Kb4 Ke7 56. Be5 Kf7 57.
Kc5 Kg6 58. Kd6 Kf5 59. Kc5 Ke4 60. Bh2 Kf5 61. Kd6 Ke4 62. Kc5 Kf5 63. Bc7 Ke4 64.
Bh2 Kf3 65. Kd6 Ke4 66. Kc5 Kf5 67. Kb4 Kg4 68. Kc5 Kf3 69. Kd6 Ke4 70. Kc5 1/2-1/2

[Event "*** Titled Tuesday Blitz"]
[Site "Chess.com"]
[Date "2018.07.03"]
[Round "3"]
[White "djamir"]
[Black "sergiochess83"]
[Result "0-1"]
[WhiteElo "2603"]
[BlackElo "2744"]
[TimeControl "180+2"]
[EndTime "13:38:33 PDT"]
[Termination "sergiochess83 won on time"]

1. e4 c6 2. d4 d5 3. exd5 cxd5 4. Bd3 Nc6 5. c3 Qc7 6. Ne2 Bg4 7. O-O e6 8. f3 Bh5 9. Nf4 Bg6 10. Re1 Nf6 11.
g3 Bd6 12. Kg2 Bxd3 13. Nxd3 O-O 14. Bg5 Nd7 15. Bf4 Rfe8 16. Bxd6 Qxd6 17. Nd2 f6 18. f4 f5 19. a4 Nf6 20. Nf3 Ne4 21. Qb3 b6 22. Nde5 h6 23. Nxc6 Qxc6 24. Ne5 Qc7 25. a5 b5 26. Qxb5 Reb8 27. Qe2 Rb3 28. Nd3 Rab8 29.
Kh1 Kh7 30. g4 Qc4 31. Rad1 fxg4 32. Qxg4 Qxd3 33. Qg2 Qc4 34. Rg1 Qc7 35. Qg6+ Kh8 36. Rg2 Rxb2 37. Rf1 Rxg2 38. Qxg2 Qxc3 39. f5 exf5 40.
Qg6 Qxd4 41. Qxf5 Nd2 42. Re1 Ne4 43. Rf1 Rg8 44. Qf3 Qc5 45. Rg1 Qxa5 46. h3 Qc3 47.
Qh5 Ng3+ 48. Rxg3 Qxg3 49. Qf5 Qd6 50. Qf2 d4 51. Qd2 d3 52. Kg2 a5 53. Kf3 a4 54.
Kg4 a3 55. Kh5 Qe5+ 56. Kg4 Qg5+ 57. Qxg5 hxg5 58. h4 d2 59. hxg5 d1=Q+ 60. Kf5 Qd3+ 0-1

[Event "*** Titled Tuesday Blitz"]
[Site "Chess.com"]
[Date "2018.07.03"]
[Round "3"]
[White "Msb2"]
[Black "NguyenDucHoa"]
[Result "0-1"]
[WhiteElo "2725"]
[BlackElo "2519"]
[TimeControl "180+2"]
[EndTime "13:38:42 PDT"]
[Termination "NguyenDucHoa won by checkmate"]

1. d4 Nf6 2. c4 e6 3. g3 c5 4. d5 exd5 5. cxd5 d6 6. Nc3 g6 7.
Bg2 Bg7 8. Nf3 O-O 9. O-O Re8 10. a4 Na6 11. Nd2 Ng4 12. h3 Ne5 13. f4 Nd7 14. e4 Nb4 15. Kh2 b6 16. Nc4 Qc7 17. Nb5 Qb8 18. Nbxd6 Rd8 19. Nxc8 Qxc8 20. e5 Nf8 21. d6 Ne6 22. Bd2 Nc6 23. Qf3 Ned4 24. Qe4 Qa6 25. Ne3 Rac8 26. Nd5 Rd7 27. Bc3 Qc4 28.
Rac1 Qxa4 29. Bxd4 Nxd4 30. b4 Ne6 31. f5 gxf5 32.
Qxf5 Re8 33. Be4 Nf8 34. Bc2 Qa2 35. Ne7+ Rdxe7 36. dxe7 Rxe7 37. bxc5 Rxe5 38. Qf2 Qa6 39. cxb6 Re2 40. Bb3 Rxf2+ 41. Rxf2 Qxb6 42. Bxf7+ Kh8 43. Kg2 Bd4 44. Rff1 Qb2+ 45. Kh1 Qb7+ 46. Kh2 Qb2+ 47. Kh1 Be5 48. Bd5 Kg7 49. Rf7+ Kh6 50. Rg1 Ng6 51.
Be4 Qe2 52. Bf3 Qf2 53. Rf5 Bd4 54. Rg2 Qf1+ 55. Kh2 Be5 56. h4 Nxh4 57. Rh5+ Kg6 58. Rxh4 Qxf3 59. Kh3 Qf5+ 60. Kh2 h5 61. Kh1 Qf1+ 62.
Kh2 a5 63. Re4 Kf5 64. Rge2 Bd6 65. R4e3 h4 66. Re1 hxg3+ 67. Rxg3 Qxe1 68. Kg2 Qxg3+ 69. Kh1 Qh2# 0-1

[Event "*** Titled Tuesday Blitz"]
[Site "Chess.com"]
[Date "2018.07.03"]
[Round "3"]
[White "Triumphmate"]
[Black "djogrodek1"]
[Result "0-1"]
[WhiteElo "2220"]
[BlackElo "2476"]
[TimeControl "180+2"]
[EndTime "13:38:42 PDT"]
[Termination "djogrodek1 won by resignation"]

1. e4 c6 2. d4 d5 3. Nc3 dxe4 4. Nxe4 Nf6 5. Ng3 h5 6. h4 Bg4 7. Be2 Nbd7 8. Be3 Qc7 9. Qd2 O-O-O 10. O-O-O e6 11.
Nf3 Bd6 12. Kb1 Bxg3 13. fxg3 Ne4 14. Qc1 Nxg3 15. Rhe1 Nxe2 16. Rxe2 Nf6 17. Bf4 Qa5 18. Re3 Qf5 19. Ra3 Nd5 20. Bh2 a6 21. Rdd3 Bxf3 22. Rxf3 Qg6 23. Rg3 Qh7 24. Rab3 Nf6 25. Qf4 Qe4 26.
Qxe4 Nxe4 27. Rxg7 Nd2+ 28. Kc1 Nxb3+ 29. axb3 Rhg8 30.
Rxf7 Rd7 31. Rf6 Rxg2 32. Be5 Re7 33. Rh6 Kd7 34. Rxh5 Rf7 35. Kb1 c5 36. dxc5 Kc6 37.
Bd6 Rf1+ 38. Ka2 Rxc2 39. Rh7 Rff2 40. Rc7+ Kd5 41. Rxb7 Rxb2+ 42. Ka3 a5 43. Ka4 Ra2+ 44. Kb5 Rfb2 45. Ka6 Ra3 46. c6 Raxb3 47. c7 Rxb7 48. c8=Q R2b6+ 49. Kxa5 Kxd6 50. Qd8+ Ke5 51. Qg5+ Kd4 52.
Qf4+ Kd5 53. Qd2+ Kc6 54. Qc3+ Kd7 55. Qg7+ Kc8 56. Qf8+ Kc7 57. Qe7+ Kb8 58. Qd8+ Ka7 59. Qd4 e5 60. Qe3 Ka8 61. h5 Rb3 62. Qc5 Ra7+ 63.
Qxa7+ Kxa7 64. h6 Rh3 0-1

[Event "*** Titled Tuesday Blitz"]
[Site "Chess.com"]
[Date "2018.07.03"]
[Round "3"]
[White "Zaven_ChessMood"]
[Black "pouya21"]
[Result "1/2-1/2"]
[WhiteElo "2881"]
[BlackElo "2649"]
[TimeControl "180+2"]
[EndTime "13:38:43 PDT"]
[Termination "Game drawn by repetition"]

1. e4 c5 2. Nf3 d6 3. Nc3 Nf6 4. g3 g6 5. Bg2 Bg7 6. O-O O-O 7. d3 Nc6 8. h3 Rb8 9. a4 a6 10. Be3 e5 11. Nh2 b5 12. axb5 axb5 13. Qd2 b4 14. Ne2 Nd4 15. Nxd4 cxd4 16. Bg5 Qc7 17. f4 Nh5 18.
Bh4 exf4 19. gxf4 f5 20. Rae1 b3 21. cxb3 fxe4 22. Rxe4 Nf6 23. Re2 Bf5 24. Nf3 Rxb3 25. Ne1 Rb5 26. Bxf6 Bxf6 27. Kh2 Rfb8 28. Be4 Bxe4 29.
dxe4 Rxb2 30. Qxb2 Rxb2 31. Rxb2 d3 32. Rd2 Bc3 33. Rg2 Qc4 34. Nf3 d2 35. Rd1 Qxe4 36.
Nxd2 Qxf4+ 37. Kh1 Qh4 38. Nf1 Qxh3+ 39. Kg1 Be5 40. Rdd2 Kg7 41. Rge2 Qg4+ 42. Kh1 Qf3+ 43. Kg1 h5 44. Rf2 Qg4+ 45. Rg2 Bd4+ 46. Kh1 Qh3+ 47. Nh2 Be5 48. Kg1 Qe3+ 49. Kf1 h4 50. Rgf2 Qh3+ 51. Kg1 Qg3+ 52. Kf1 Qh3+ 53. Kg1 Qe3 54.
Kf1 Bg3 55. Rfe2 Qf4+ 56. Kg1 Bxh2+ 57. Rxh2 g5 58. Rhf2 Qg3+ 59. Rg2 Qe3+ 60. Kh2 h3 61. Rge2 Qf3 62. Rf2 Qe3 63. Rfe2 Qc3 64. Rxd6 Qc7 65. Re6 g4 66. Kg3 Kf7 67. Rh6 Kg7 68. Rg6+ Kh7 69. Rh6+ Kg7 70. Rg6+ Kh7 71. Rh6+ Kg7 1/2-1/2

[Event "*** Titled Tuesday Blitz"]
[Site "Chess.com"]
[Date "2018.07.03"]
[Round "3"]
[White "krzysztofszczurek"]
[Black "meoluoi91"]
[Result "0-1"]
[WhiteElo "2323"]
[BlackElo "2498"]
[TimeControl "180+2"]
[EndTime "13:38:52 PDT"]
[Termination "meoluoi91 won by checkmate"]

1. e4 c6 2. d4 d5 3. exd5 cxd5 4. Bd3 Nc6 5. c3 Qc7 6. Nf3 Bg4 7.
Be3 e6 8. Nbd2 Nf6 9. O-O Bd6 10. h3 Bh5 11. Qc2 Bg6 12. Rfe1 O-O 13. Bg5 Nb4 14. cxb4 Qxc2 15. Bxc2 Bxc2 16. a3 Rac8 17. Ne5 Rc7 18. Rac1 Rfc8 19. Ndc4 dxc4 20. Rxc2 Nd5 21. Bd2 b5 22.
Rec1 h6 23. Nf3 a6 24. Bc3 Nf4 25. Rd1 Rd8 26. Nd2 Be7 27. Ne4 f5 28. Ng3 Bf6 29. Re1 Kf7 30. Rd2 Rcd7 31. Red1 Bg5 32. Rc2 g6 33. Re1 Bf6 34. Rd2 Bxd4 35. Red1 e5 36. Nf1 Nd3 37. Ne3 e4 38. Nc2 Bb6 39. Kf1 Ke6 40. g3 g5 41. Re2 Ne5 42. Rde1 Nf3 43. Rc1 h5 44. Kg2 h4 45. Ne1 Nxe1+ 46. Rcxe1 hxg3 47. Kxg3 f4+ 48. Kh2 e3 49. fxe3 Bxe3 50.
Kg2 Kf5 51. Rf1 Ke4 52. Kh2 Rh7 53. Rg2 Rh5 54. Rg4 Rd7 55. Rh1 Rdh7 56. Kg2 Kf5 57. Be1 Rd7 58. Kf3 Rd3 59. Ke2 Bd4 60. Rg2 f3+ 61.
Kf1 fxg2+ 62. Kxg2 Bxb2 63. Rf1+ Kg6 64. Bg3 Bf6 65.
Re1 Rh7 66. Re6 Re7 67. Rxa6 Re2+ 68. Kf1 Ra2 69. Be5 Rd1# 0-1

[Event "*** Titled Tuesday Blitz"]
[Site "Chess.com"]
[Date "2018.07.03"]
[Round "3"]
[White "attack2mateU"]
[Black "Dr_Mortimer"]
[Result "1-0"]
[WhiteElo "2672"]
[BlackElo "2812"]
[TimeControl "180+2"]
[EndTime "13:39:12 PDT"]
[Termination "attack2mateU won by resignation"]

1. e4 c5 2. Nf3 d6 3. d4 cxd4 4. Nxd4 Nf6 5. Nc3 Nc6 6. Bg5 e6 7. Qd2 a6 8. O-O-O Bd7 9. f4 Be7 10. Nf3 b5 11. e5 b4 12. exf6 bxc3 13. Qxc3 gxf6 14. Bh4 a5 15. Bb5 Rc8 16. Kb1 Rg8 17. Rd2 Qb6 18. a4 Na7 19. Bxd7+ Kxd7 20. Qd3 Rg7 21.
f5 Rb8 22. b3 Nc6 23. fxe6+ fxe6 24. Re1 Nb4 25. Qe2 e5 26. Qe4 Kc7 27. Qf5 Qc6 28. Rc1 Kb7 29. Qe6 Rf8 30. c3 Na6 31. Rb2 Nc7 32. Qf5 Ka7 33. b4 Qxa4 34. Ra2 Qc6 35. Rxa5+ Kb7 36. Rc2 Ra8 37. Rxa8 Nxa8 38. Bg3 Nc7 39.
Qh5 d5 40. Nd2 Ne6 41. Nb3 Kc8 42. Qf5 Qd7 43. Rd2 Nc7 44. Qf1 Qc6 45. Qd3 Qc4 46.
Qxc4 dxc4 47. Na5 Nb5 48. Kb2 Bd8 49. Nxc4 Rc7 50. Nd6+ Nxd6 51. Rxd6 Rf7 52. Kb3 Bc7 53. Rd1 f5 54. Re1 f4 55. Bf2 Rg7 56. g3 h5 57.
c4 h4 58. gxf4 Rg2 59. Bxh4 Rxh2 60. Bg3 Rh3 61. fxe5 Rxg3+ 62. Ka4 Kd7 63. e6+ Ke7 64. c5 Rg6 65. Kb5 Rxe6 66. Rxe6+ Kxe6 67. Kc6 Bg3 68. b5 Ke7 69. b6 Bf2 70. b7 Bg3 71. Kb6 Kd7 72. c6+ Kd8 73. Ka7 Ke7 74. b8=Q Bxb8+ 75. Kxb8 Kd6 76. c7 1-0

[Event "*** Titled Tuesday Blitz"]
[Site "Chess.com"]
[Date "2018.07.03"]
[Round "3"]
[White "Aleksey_Sorokin"]
[Black "INDIAN-ELEPHANT"]
[Result "1-0"]
[WhiteElo "2776"]
[BlackElo "2603"]
[TimeControl "180+2"]
[EndTime "13:39:13 PDT"]
[Termination "Aleksey_Sorokin won on time"]

1. d4 Nf6 2. c4 e6 3. Nf3 d5 4.
g3 Bb4+ 5. Bd2 Bd6 6. Nc3 c6 7. Qc2 Nbd7 8. e4 dxe4 9. Nxe4 Nxe4 10. Qxe4 O-O 11. Bd3 g6 12. O-O Re8 13. Rad1 e5 14. dxe5 Nxe5 15. Nxe5 Bxe5 16. Qf3 Bh3 17. Rfe1 Qd7 18.
Be2 Qf5 19. Bc1 h5 20. Qxf5 Bxf5 21. Bf3 Bf6 22. Kg2 Kg7 23. b3 a5 24. Be3 a4 25.
Re2 axb3 26. axb3 Red8 27. Rxd8 Rxd8 28. Rd2 Ra8 29. h3 Ra3 30. g4 hxg4 31. hxg4 Be6 32. Bd1 Ra8 33. g5 Bc3 34. Rd3 Be5 35. Bf3 Bf5 36. Rd2 Ra3 37. b4 Be6 38. b5 cxb5 39. cxb5 Rb3 40. b6 Rb4 41. Bxb7 Rg4+ 42. Kh1 Rh4+ 43.
Kg1 Rb4 44. Bf3 Bh3 45. Rd1 f6 46. b7 fxg5 47. Bxg5 Bf5 48. Re1 Bd6 49. Be3 Kf6 50.
Rd1 Bc7 51. Rc1 Be5 52. Kg2 g5 53. Rc8 g4 54. Bd5 g3 55. fxg3 Rb2+ 56. Kf3 Bh3 57. Bf2 Bf5 58. g4 Bd7 59. Rf8+ Ke7 60. Rf7+ Kd6 61.
Be4 Rb3+ 62. Be3 Ke6 63. Rf8 Ke7 64. Rg8 Be6 65. Rc8 Kf7 66. g5 Rb4 67. g6+ Kg7 68. Re8 Bg4+ 69. Kxg4 Rxe4+ 70. Kf5 Rxe3 71. b8=Q Bxb8 72. Rxe3 1-0

[Event "*** Titled Tuesday Blitz"]
[Site "Chess.com"]
[Date "2018.07.03"]
[Round "3"]
[White "kungmongmanh"]
[Black "Durarbayli"]
[Result "1-0"]
[WhiteElo "2490"]
[BlackElo "2657"]
[TimeControl "180+2"]
[EndTime "13:39:16 PDT"]
[Termination "kungmongmanh won by resignation"]

1. d4 Nf6 2. c4 e6 3. Nc3 c5 4. d5 exd5 5. cxd5 d6 6. Nf3 a6 7. a4 g6 8. Nd2 Bg7 9. Nc4 O-O 10.
Bf4 Ne8 11. e3 Nd7 12. Nxd6 Nxd6 13. Bxd6 Re8 14. Bg3 Qb6 15. Qc2 Nf6 16. a5 Qd8 17.
Bc4 Bf5 18. Qb3 Nh5 19. O-O Nxg3 20. hxg3 Rb8 21. Rad1 Qd6 22. Rfe1 Bg4 23. Be2 Bd7 24. Qa3 b5 25. axb6 Rxb6 26. Rd2 h5 27. Bf3 Rb4 28. Ra1 Bb5 29. Be2 Rb8 30. Bxb5 axb5 31. Qa6 Rb6 32. Qc8+ Kh7 33. Ra7 Rb8 34. Qc7 Qxc7 35. Rxc7 c4 36. d6 Rxb2 37. Rxb2 Bxc3 38. Rb1 Be5 39.
Rc5 Bxd6 40. Rbxb5 Ra8 41. Rxc4 Kg7 42. Rb7 Ra1+ 43.
Kh2 Ra2 44. f4 Re2 45. Re4 Bc5 46. Rb3 Kf6 47. Rc3 Ba7 48. Re5 Kg7 49. Kh3 Re1 50.
g4 hxg4+ 51. Kxg4 Bb6 52. Kf3 Rf1+ 53. Ke2 Rg1 54. Kf2 Rb1 55. Rc6 Rb3 56. Re7 Kf8 57.
Re4 Kg7 58. Kf3 Kf8 59. Rc8+ Kg7 60. Re7 Kf6 61. Re5 Rb1 62. Rc6+ Kg7 63. g4 Rb3 64. g5 Kf8 65. Rc4 Kg7 66. Rce4 Rb1 67. Re7 Rf1+ 68. Ke2 Rb1 69. Rb7 Rb2+ 70. Kf3 Rb3 71. Ree7 Kg8 72.
Kg4 Rxe3 73. Rxf7 Ba5 74. Rg7+ Kf8 75. Rgf7+ Ke8 76. Rh7 1-0

[Event "*** Titled Tuesday Blitz"]
[Site "Chess.com"]
[Date "2018.07.03"]
[Round "3"]
[White "eljanov"]
[Black "ftorodent"]
[Result "1/2-1/2"]
[WhiteElo "2634"]
[BlackElo "2497"]
[TimeControl "180+2"]
[EndTime "13:39:21 PDT"]
[Termination "Game drawn by repetition"]

1. c4 e6 2. Nc3 d5 3. d4 Be7 4.
Nf3 Nf6 5. Bf4 O-O 6. e3 Nbd7 7.
c5 c6 8. h3 b6 9. b4 a5 10. a3 Bb7 11. Bd3 Qc8 12. O-O Ba6 13. Re1 Bxd3 14. Qxd3 Qb7 15. Qc2 Rfc8 16. Reb1 axb4 17.
axb4 h6 18. Ne1 Bd8 19. Nd3 Bc7 20. Bxc7 Qxc7 21. f4 Qb7 22. Kh2 Rxa1 23. Rxa1 Ra8 24. Ra4 b5 25. Ra2 Ra6 26. Nc1 Qa7 27. g4 Rxa2 28.
Qxa2 Qxa2+ 29. N1xa2 Nb8 30. Kg3 Nfd7 31. h4 f5 32. Nc1 Kf7 33. Nd3 Na6 34. g5 h5 35.
Nb1 g6 36. Nd2 Nab8 37. Nb3 Ke7 38. Na5 Kd8 39. Nb7+ Ke7 40. Kf3 Na6 41. Ke2 Nab8 42. Kd2 Na6 43. Kc3 Nab8 44. Nc1 Nf8 45. Nb3 Nfd7 46.
N3a5 Nf8 47. Nd6 Nfd7 48. Kb3 Nf8 49. Nab7 Kd7 50. Nf7 Kc7 51. Nbd6 Kd7 52. Ne5+ Kd8 53. Ndf7+ Ke7 54. Nh8 Ke8 55. Nhxg6 Nxg6 56. Nxg6 Kf7 57. Ne5+ Kg7 58. Kc3 Kg8 59. Kd3 Kg7 60. Ke2 Kg8 61. Kf3 Kg7 62. Kf2 Kg8 63. Ke2 Kg7 64. Kd3 Kg8 65.
Kd2 Kg7 66. Kc3 Kg8 67. Kd3 Kg7 68. Ke2 Kg8 69. Kf3 Kg7 70. Kf2 Kg8 71. Ke2 Kg7 72. Kd3 Kg8 73. e4 dxe4+ 74. Ke3 Kg7 75. d5 exd5 76. Kd4 Kg8 77. Ng6 Kf7 78. Ne5+ Kg7 79. Ke3 Kg8 80. Kd4 Kg7 81. Kc3 Kg8 82. Kd4 Kg7 1/2-1/2